 Dungeon Crawl Stone Soup version 0.21-a0-509-gecc5317 (webtiles) character file.

852 slep the Chopper (level 7, -1/88 HPs)
             Began as a Minotaur Gladiator on Dec 1, 2017.
             Was a Believer of Okawaru.
             Slain by an ice beast (7 damage)
             ... on level 6 of the Dungeon.
             The game lasted 00:15:15 (4622 turns).

slep the Chopper (Minotaur Gladiator)               Turns: 4622, Time: 00:15:16

Health: -1/88      AC: 23    Str: 19    XL:     7   Next: 69%
Magic:  6/6        EV:  2    Int:  5    God:    Okawaru [**....]
Gold:   318        SH:  0    Dex: 13    Spells: 6/6 levels left

rFire    + . .     SeeInvis .   a - +0 war axe
rCold    . . .     Gourm    .   (no shield)
rNeg     + + +     Faith    .   (armour currently unavailable)
rPois    +         Spirit   .   (helmet currently unavailable)
rElec    .         Reflect  .   (cloak currently unavailable)
rCorr    .         Harm     .   (gloves currently unavailable)
MR       .....     NoTele   +   (boots currently unavailable)
Stlth    ++........             (no amulet)
HPRegen  0.24/turn              e - ring of protection from fire
MPRegen  0.10/turn              A - ring of wizardry

@: tree-form
A: (retaliatory headbutt)
a: Heroism, Renounce Religion


You were on level 6 of the Dungeon.
You worshipped Okawaru.
Okawaru was pleased with you.
You were not hungry.
You were a tree.
You visited 2 branches of the dungeon, and saw 7 of its levels.

You collected 318 gold pieces.

Inventory:

Hand Weapons
 a - a +0 war axe (weapon)
 H - a +1 trident of protection
Missiles
 d - 3 throwing nets (quivered)
 j - 3 curare-tipped needles
 u - 8 tomahawks of returning
Armour
 b - a +0 leather armour
 c - a +0 hat (melded)
 k - a +0 ring mail (melded)
 n - a +0 pair of boots (melded)
Jewellery
 e - a ring of protection from fire (left branch)
 A - a ring of wizardry (right branch)
Wands
 w - a wand of polymorph (12)
Scrolls
 h - 3 scrolls of remove curse {unknown}
 i - 4 scrolls of fog {unknown}
 l - 5 scrolls of identify {unknown}
 m - 4 scrolls of blinking {unknown}
 p - 3 scrolls of teleportation {unknown}
 q - 2 scrolls of enchant weapon {unknown}
 r - 2 scrolls of enchant armour {unknown}
 s - 2 scrolls of immolation {unknown}
 t - 2 scrolls of magic mapping {unknown}
Potions
 v - a potion of ambrosia {unknown}
 x - a potion of curing {unknown}
 z - a potion of flight {unknown}
 B - a potion of cancellation
 C - a potion of heal wounds {unknown}
 D - a potion of magic {unknown}
 G - a potion of haste {unknown}
Books
 y - a book of Necromancy

   Spells                             Type                      Level
   a - Pain                           Necromancy                   1
   b - Animate Skeleton               Necromancy                   1
   c - Vampiric Draining              Necromancy                   3
   d - Regeneration                   Charms/Necromancy            3
   e - Animate Dead                   Necromancy                   4
   f - Control Undead                 Necromancy                   4
Comestibles
 f - 3 bread rations
 g - 3 meat rations
 F - a royal jelly


   Skills:
 + Level 4.3 Fighting
 + Level 7.9 Axes
 + Level 2.3 Throwing
 + Level 3.8 Armour
 + Level 4.4 Dodging
 + Level 2.2 Stealth
 + Level 1.5 Unarmed Combat


You had 6 spell levels left.
You didn't know any spells.

Dungeon Overview and Level Annotations

Branches:
Dungeon (6/15)             Temple (1/1) D:4

Altars:
Ashenzari
Cheibriados
Dithmenos
Elyvilon
Gozag
Hepliaklqana
Kikubaaqudgha
Makhleb
Nemelex Xobeh
Okawaru
Qazlal
Sif Muna
Trog
Uskayaw
Vehumet
Wu Jian
Xom
Yredelemnul
Zin


Innate Abilities, Weirdness & Mutations

((You reflexively headbutt those who attack you in melee.))
((You have a pair of horns on your head.))


Message History

You slash the orc wizard! You hit the orc wizard.
The orc wizard hits you but does no damage. x2
The ice beast hits you but does no damage.
The orc wizard hits you but does no damage.
You slash the ice beast!
The ice beast is severely wounded.
You hit the orc wizard but do no damage.
You barely miss the orc wizard.
The orc wizard hits you but does no damage.
The ice beast hits you but does no damage.
The orc wizard gestures at you while chanting.
The magic dart hits you!
* * * LOW HITPOINT WARNING * * *
The orc wizard casts a spell at you. The magic dart hits you!
* * * LOW HITPOINT WARNING * * *
The ice beast hits you.
* * * LOW HITPOINT WARNING * * *
The ice beast freezes you!
You die...

.. #. #. ####### #.
#.....# #. ####.....# #.
#........#
#o#####........##
.#####o♣.............###
.......Y#####.#........#
#######.# #.#.##._.#.#
#........##.#.##...#.#
...........##.#......#.#
...........##.######.#.#
...........##........#.#
...........########..#.#
......................>#


You could see an ice beast and 2 orc wizards.

Vanquished Creatures
  2 ogres
  A centaur (D:6)
  A vampire bat (D:5)
  A crimson imp (D:5)
  A hound (D:6)
  A jelly (D:3)
  A bullfrog skeleton (D:4)
  2 orc priests
  Jessica (D:3)
  An orc wizard (D:4)
  4 worker ants
  2 adders (D:2)
  A shadow imp (D:5)
  7 oozes (D:3)
  An adder zombie (D:5)
  2 dart slugs (D:2)
  3 fire bats (D:5)
  3 leopard geckos
  15 orcs
  2 spectral bats (D:5)
  3 bat skeletons (D:5)
  A bat zombie (D:5)
  2 giant cockroaches
  6 goblins
  7 hobgoblins
  4 jackals (D:3)
  A quokka (D:5)
  5 ball pythons
  12 bats
  A bat simulacrum (D:5)
  3 frilled lizards
  10 kobolds
  4 rats
111 creatures vanquished.

Vanquished Creatures (others)
  9 toadstools (D:3)
9 creatures vanquished.

Grand Total: 120 creatures vanquished

Notes
Turn   | Place    | Note
-------+----------+-------------------------------------------
     0 | D:1      | slep the Minotaur Gladiator began the quest for the Orb.
     0 | D:1      | Reached XP level 1. HP: 18/18 MP: 0/0
   331 | D:1      | Reached skill level 4 in Axes
   346 | D:1      | Reached XP level 2. HP: 24/25 MP: 1/1
   930 | D:2      | Found a white marble altar of Elyvilon.
   963 | D:2      | Reached XP level 3. HP: 16/30 MP: 2/2
  1906 | D:3      | Reached XP level 4. HP: 35/37 MP: 3/3
  1934 | D:3      | Noticed Jessica
  1942 | D:3      | Killed Jessica
  1942 | D:3      | Reached skill level 5 in Axes
  1942 | D:3      | Reached skill level 1 in Armour
  1955 | D:3      | Reached skill level 1 in Stealth
  1961 | D:3      | Reached XP level 5. HP: 30/45 MP: 4/4
  2359 | D:4      | Reached skill level 1 in Unarmed Combat
  2407 | D:4      | Found a staircase to the Ecumenical Temple.
  2416 | Temple   | Entered the Ecumenical Temple
  2471 | Temple   | Became a worshipper of Warmaster Okawaru
  2611 | D:4      | Noticed an ogre
  2632 | D:4      | Killed an ogre
  2632 | D:4      | Reached XP level 6. HP: 32/52 MP: 5/5
  2809 | D:4      | Found a hazy altar of Hepliaklqana.
  2810 | D:4      | Found a shimmering altar of Xom.
  2810 | D:4      | Noticed a yak
  2811 | D:4      | Noticed a yak
  2811 | D:4      | Noticed a spectral ugly thing
  3413 | D:5      | Entered Level 5 of the Dungeon
  3451 | D:5      | Reached * piety under Okawaru
  3451 | D:5      | Reached skill level 6 in Axes
  3849 | D:5      | Reached XP level 7. HP: 50/58 MP: 6/6
  3955 | D:5      | Reached skill level 7 in Axes
  4353 | D:6      | Reached ** piety under Okawaru
  4587 | D:6      | Found a burning altar of Makhleb.
  4622 | D:6      | Slain by an ice beast

Vault maps used:
D:1:      lemuel_arrival_hallway, minmay_misc_feat_doors,
          hangedman_decor_growths
D:2:      old_standard_altar
D:3:      cheibrodos_fertilizer, first_bread, uniq_jessica
D:4:      regret_index_temple_of_mockery, minmay_temple_entry_statues_fountains
D:5:      minivault_11, goddamned_bats
D:6:      basic_altar, serial_curves, eino_curves_01, eino_curves_03,
          eino_curves_01, bloody_makhleb
Temple:   compressed_dpeg_circular_temple

Skill      XL: |  1  2  3  4  5  6  7 |
---------------+----------------------+-----
Axes           | 4 5 6 7 |  7.9
Armour         | 1 2 3 |  3.8
Fighting       | 3 4 |  4.3
Stealth        | 1 2 |  2.2
Dodging        | 4 |  4.4
Unarmed Combat | 1 |  1.5
Throwing       | |  2.3

Action                   |  1- 3 |  4- 6 |  7- 9 || total
-------------------------+-------+-------+-------++-------
Melee: War axe           |    73 |    98 |    34 ||   205
       Headbutt          |    12 |    19 |     4 ||    35
       Unarmed           |       |    17 |       ||    17
Throw: Throwing net      |       |     1 |       ||     1
  Use: Potion            |       |       |     2 ||     2
 Stab: Sleeping          |     1 |     1 |       ||     2
       Held in net/web   |       |     1 |       ||     1
  Eat: Chunk             |     3 |     6 |     3 ||    12
Armor: Leather armour    |     3 |       |       ||     3
       Ring mail         |    32 |    43 |    16 ||    91
       Skin              |       |       |    11 ||    11
Dodge: Dodged            |    57 |   112 |    38 ||   207

Table legend:
 A = Spawn XP
 B = Non-spawn XP
 C = Spawn XP percentage of total XP
 D = Spawn monster count
 E = Non-spawn monster count
 F = Spawn count percentage of total count
 G = Total turns spent on level
                    A         B        C        D         E        F      G
               +---------+---------+-------+---------+---------+-------+---------
         Total |       0 |    1218 |   0.0 |       0 |     111 |   0.0 |  4622
               +---------+---------+-------+---------+---------+-------+---------
           D:1 |       0 |      19 |   0.0 |       0 |      11 |   0.0 |   846
           D:2 |       0 |      58 |   0.0 |       0 |      19 |   0.0 |   863
           D:3 |       0 |     176 |   0.0 |       0 |      34 |   0.0 |   932
           D:4 |       0 |     244 |   0.0 |       0 |       9 |   0.0 |   673
           D:5 |       0 |     513 |   0.0 |       0 |      33 |   0.0 |   922
           D:6 |       0 |     205 |   0.0 |       0 |       4 |   0.0 |   287
        Temple |       0 |       3 |   0.0 |       0 |       1 |   0.0 |    99
               +---------+---------+-------+---------+---------+-------+---------
